 Dungeon Crawl Stone Soup version 0.28-a0-883-gc8d7bad45d (webtiles) character file.

Game seed: 10913393573691779040

105 Zonian the Stinger (level 4, -1/30 HPs)
             Began as a Demonspawn Venom Mage on Nov 22, 2021.
             Was a Believer of Sif Muna.
             Slain by an orc (6 damage)
             ... on level 3 of the Dungeon.
             The game lasted 00:06:00 (4719 turns).

Zonian the Stinger (Demonspawn Venom Mage)          Turns: 4719, Time: 00:06:00

Health: -1/30      AC:  2    Str:  8    XL:     4   Next: 54%
Magic:  3/7        EV: 12    Int: 16    God:    Sif Muna [**....]
Gold:   82         SH:  0    Dex: 15    Spells: 3/7 levels left

rFire   x . .      SeeInvis .   h - +0 short sword
rCold   + . .      Faith    .   (no shield)
rNeg    . . .      Spirit   .   a - +0 robe
rPois   .          Reflect  .   (no helmet)
rElec   .          Harm     .   (no cloak)
rCorr   .          Rampage  .   (no gloves)
Will    .....                   (no boots)
Stlth   ++........              (no amulet)
HPRegen 0.10/turn               m - ring of ice
MPRegen 0.10/turn               (no ring)

@: no status effects
A: demonic guardian 1, demonic magic 1
a: Renounce Religion, Channel Magic


You were on level 3 of the Dungeon.
You worshipped Sif Muna.
Sif Muna was pleased with you.
You visited 1 branch of the dungeon, and saw 3 of its levels.

You collected 82 gold pieces.

Inventory:

Hand Weapons
 b - a +0 hunting sling
 f - a +0 dagger
 h - a +0 short sword (weapon)
 o - a +0 spear
Missiles
 g - 22 poisoned darts
Armour
 a - a +0 robe (worn)
 d - a +0 pair of gloves
Jewellery
 m - a ring of ice (left hand)
Scrolls
 n - a scroll of teleportation
 p - a scroll of enchant weapon {unknown}
Potions
 c - 2 potions of heal wounds
 e - a potion of attraction {unknown}
 i - a potion of brilliance
 j - a potion of cancellation {unknown}
 k - a potion of degeneration {unknown}
 l - a potion of haste
 q - a potion of flight {unknown}
 r - a potion of curing {unknown}


   Skills:
 + Level 1.8 Dodging
 + Level 2.8 Stealth
 + Level 0.2 Unarmed Combat
 + Level 2.4 Spellcasting
 * Level 0.3 Conjurations
 + Level 1.6 Transmutations
 * Level 0.4 Air Magic
 + Level 3.5 Poison Magic
 * Level 1.6 Invocations


You had 3 spell levels left.
You knew the following spells:

 Your Spells              Type           Power      Damage    Failure   Level
a - Sting                 Tmut/Pois      40%        1d5       7%          1
b - Mephitic Cloud        Conj/Pois/Air  6%         N/A       32%         3

Your spell library contained the following spells:

 Spells                   Type           Power      Damage    Failure   Level
 Poisonous Vapours        Pois/Air       16%        N/A       13%         2
 Olgreb's Toxic Radiance  Pois           13%        N/A       41%         4


Dungeon Overview and Level Annotations

Branches:
Dungeon (3/15)

Altars:
Sif Muna

Annotations:
D:2 1 runed translucent door, Crazy Yiuf


Innate Abilities, Weirdness & Mutations

A weak demonic guardian rushes to your aid.
Spells you cast may paralyse adjacent enemies.


Message History

The orc wizard closely misses you.
Unknown command.
Casting: Sting (safe; 7% risk of failure)
Confirm with . or Enter, or press ? or * to list all spells.
Aiming: Sting (safe; 7% risk of failure)
Press: ? - help, Shift-Dir - straight line, f/p - orc wizard
Aim: an orc wizard, wielding a +0 dagger and wearing a +0 robe (almost dead, very poisoned, 64% to hit)
The sting hits the orc wizard but does no damage.
The orc wizard looks as sick as possible!
The orc wizard is almost dead.
Malevolent energies surge around you.
The orc wizard hits you with a +0 dagger.
A demonic guardian appears!
The orc hits you with a +0 hand axe.
The orc hits your iron imp with a +0 hand axe.
You barely miss the orc wizard.
The orc wizard is almost dead.
You kill the orc wizard!
Sif Muna accepts your kill. The orc misses you. The orc completely misses you.
The orc hits your iron imp but does no damage.
Unknown command.
You hit the orc.
The orc is heavily wounded.
The orc barely misses you.
Your iron imp hits the orc.
The orc hits you with a +0 hand axe. The orc closely misses your iron imp.
Unknown command.
You barely miss the orc.
The orc is heavily wounded.
The orc hits you with a +0 whip.
Your iron imp closely misses the orc.
The orc barely misses you.
The orc hits your iron imp with a +0 hand axe.
The orc misses you.
Unknown command.
You closely miss the orc.
The orc is heavily wounded.
Your iron imp closely misses the orc.
The orc hits you with a +0 hand axe.
* * * LOW HITPOINT WARNING * * *
The orc hits your iron imp but does no damage.
The orc hits you with a +0 whip.
You die...

# # # # ##+## # ##...##
#### ##.....## ##.##
##......5##
#...####........o####...
.......+........@o......
#....###........)####...
....#.###.......##
#..###.###.....## #.##
##.###)..#### #..###.##
#......# ..#.#.##
#..###.# ####.## ##...#
# #.# #.###...#


You could see 2 orcs and a friendly iron imp (summoned).

Vanquished Creatures
  An orc wizard (D:3)
  3 gnolls (D:2)
  A worm (D:2)
  A dart slug (D:1)
  2 orcs (D:3)
  7 endoplasms
  2 hobgoblins
  4 quokkas
  4 ball pythons (D:1)
  2 bats (D:2)
  5 frilled lizards
  4 goblins
  6 kobolds
  5 rats
47 creatures vanquished.

Vanquished Creatures (others)
  2 fungi (D:2)
2 creatures vanquished.

Grand Total: 49 creatures vanquished

Notes
Turn   | Place    | Note
-------+----------+-------------------------------------------
     0 | D:1      | Zonian the Demonspawn Venom Mage began the quest for the
                  | Orb.
     0 | D:1      | Reached XP level 1. HP: 13/13 MP: 3/3
    46 | D:1      | Reached skill level 1 in Transmutations
   690 | D:1      | Gained mutation: Spells you cast may paralyse adjacent
                  | enemies. [demonic ancestry]
   690 | D:1      | Reached XP level 2. HP: 8/19 MP: 0/5
  1088 | D:1      | Found a faded altar of an unknown god.
  1334 | D:1      | Prayed at the altar of an unknown god.
  1334 | D:1      | Became a worshipper of Sif Muna the Loreminder
  1334 | D:1      | Reached * piety under Sif Muna
  2157 | D:2      | Reached XP level 3. HP: 9/24 MP: 2/6
  2423 | D:2      | Reached skill level 1 in Invocations
  2763 | D:2      | Learned a level 3 spell: Mephitic Cloud
  3827 | D:2      | Gained mutation: A weak demonic guardian rushes to your
                  | aid. [demonic ancestry]
  3827 | D:2      | Reached XP level 4. HP: 30/30 MP: 2/7
  4022 | D:2      | Reached ** piety under Sif Muna
  4216 | D:2      | Found a runed translucent door.
  4217 | D:2      | Noticed Crazy Yiuf
  4719 | D:3      | Slain by an orc

Illustrated notes

Levels and vault maps discovered:
D:1:      dpeg_arrival_connections, layout_basic,
          hellmonk_ecumenical_altar_run_dry, minmay_misc_feat_chi
D:2:      layout_loops_ring, uniq_crazy_yiuf_cottage
D:3:      layout_loops_corners, minmay_stone_trees_small, feat_on_display

Skill      XL: |  1  2  3 |
---------------+----------+-----
Transmutations | 1 |  1.6
Stealth        | 2 |  2.8
Invocations    | 1 |  1.6
Dodging        | |  1.8
Unarmed Combat | |  0.2
Spellcasting   | |  2.4
Conjurations   | |  0.3
Air Magic      | |  0.4
Poison Magic   | |  3.5

Action                   |  1- 3 |  4- 6 || total
-------------------------+-------+-------++-------
Melee: Unarmed           |    26 |       ||    26
       Short sword       |    18 |    31 ||    49
 Cast: Sting             |    74 |     9 ||    83
  Use: Scroll            |     4 |     2 ||     6
 Stab: Paralysed         |     7 |     1 ||     8
       Distracted        |     1 |       ||     1
       Sleeping          |     1 |     2 ||     3
Armor: Robe              |     9 |     4 ||    13
Dodge: Dodged            |    30 |    22 ||    52

Table legend: (Time is in decaauts)
 A = Elapsed time spent in this place.
 B = Non-inter-level travel time spent in this place.
 C = Inter-level travel time spent in this place.
 D = Time resting spent in this place.
 E = Time spent auto-exploring this place.
 F = Levels seen in this place.
 G = Mean time per level.
                   A        B        C        D        E       F      G
               +--------+--------+--------+--------+--------+-----+--------+
         Total |   4723 |   4662 |     61 |   2054 |   2015 |   3 | 1574.3 |
       Dungeon |   4723 |   4662 |     61 |   2054 |   2015 |   3 | 1574.3 |
               +--------+--------+--------+--------+--------+-----+--------+

Top non-repeatable levels by time:
     D:1: 2215 daAuts
     D:2: 2022 daAuts
     D:3: 485 daAuts
